 Dungeon Crawl Stone Soup version 0.31.0-32-g396128a36d (webtiles) character file.

Game seed: 1618504135823527593

2457 spaghetti the Caller (level 9, -13/80 HPs)
             Began as a Naga Chaos Knight on Apr 1, 2024.
             Was a Plaything of Xom.
             Mangled by an ogre
             ... wielding a +0 giant spiked club
              (28 damage)
             ... on level 6 of the Dungeon.
             The game lasted 00:12:08 (6835 turns).

spaghetti the Caller (Naga Chaos Knight)            Turns: 6835, Time: 00:12:09

Health: -13/80     AC: 12    Str: 15    XL:     9   Next: 50%
Magic:  2/12       EV:  7    Int: 17    God:    Xom [.....*]
Gold:   314        SH:  0    Dex: 10    Spells: 5/12 levels left

rFire   + . .        v - +3 spear
rCold   . . .        (no shield)
rNeg    . . .        d - +3 scale mail
rPois   +            (no helmet)
rElec   .            (no cloak)
rCorr   .            p - +0 pair of gloves
SInv    +            (no barding)
Will    +....        k - amulet of faith Stlth
                     (no ring)
HPRegen 0.33/turn    (no ring)
MPRegen 0.13/turn

%: clarity, faith
@: short of breath, attractive, very slightly contaminated, studying Polearms,
very slow
A: AC +3, large, see invisible, deformed body, poison resistance, slowness 2,
spit poison 2, naga tail 1, iridescent scales 1, clarity, fire resistance 1,
mutation resistance 1, sense surroundings 1
a: Breathe Poison Gas, Renounce Religion


You were on level 6 of the Dungeon.
You worshipped Xom.
You were Xom's teddy bear.
You visited 1 branch of the dungeon, and saw 6 of its levels.

You collected 314 gold pieces.

Inventory:

Hand Weapons
 f - a +2 spear of venom
 v - a +3 spear (weapon)
Armour
 a - a +2 leather armour
 d - a +3 scale mail (worn)
 g - the +0 pair of gloves of the Akabeko {Harm Will- MP+9 Str+5}
   (Xom gifted it to you on level 1 of the Dungeon)

   Str+5:     It affects your strength (+5).
   Will-:     It decreases your willpower.
   MP+9:      It affects your magic capacity (+9).
   Harm:      It increases damage dealt and taken.
 p - a +0 pair of gloves (worn)
Magical Staves
 l - a staff of cold
Jewellery
 i - an amulet of reflection
 k - an amulet of faith (around neck)
 n - a ring of positive energy
 o - an amulet of regeneration
Wands
 s - a wand of iceblast (4)
Scrolls
 b - a scroll of enchant weapon
 c - a scroll of vulnerability
 e - 2 scrolls of amnesia
 h - a scroll of poison
 m - a scroll of identify
 q - 2 scrolls of enchant armour
 t - 2 scrolls of teleportation
 u - a scroll of summoning {unknown}
Potions
 j - 2 potions of cancellation


   Skills:
 - Level 4.8 Fighting
 - Level 1.5 Armour
 - Level 0.7 Dodging
 - Level 3.0 Unarmed Combat
 - Level 2.3 Spellcasting
 + Level 7.7 Summonings
 + Level 2.9 Ice Magic
 + Level 7.7 Air Magic


You had 5 spell levels left.
You knew the following spells:

 Your Spells              Type           Power      Damage    Failure   Level
a - Summon Lightning Spi  Summ/Air       28%        N/A       30%         4
b - Summon Ice Beast      Ice/Summ       20%        N/A       24%         3

Your spell library contained the following spells:

 Spells                   Type           Power      Damage    Failure   Level
 Swiftness                Air            28%        N/A       9%          3
 Airstrike                Air            14%        2d(2-18)  30%         4
 Ensorcelled Hibernation  Hex/Ice        14%        N/A       52%         2
 Blink                    Tloc           4%         N/A       73%         2
 Lesser Beckoning         Tloc           4%         N/A       73%         2
 Momentum Strike          Conj/Tloc      4%         3d8       73%         2
 Passwall                 Erth           2%         N/A       91%         3
 Summon Mana Viper        Hex/Summ       15%        N/A       99%         5
 Brom's Barrelling Bould  Conj/Erth      2%         2d3       100%        4
 Leda's Liquefaction      Alch/Erth      1%         N/A       100%        4
 Monstrous Menagerie      Summ           14%        N/A       100%        7


Dungeon Overview and Level Annotations

Branches:
Dungeon (6/15)
 Temple: D:4-7

Altars:
Dithmenos
Wu Jian
Xom

Shops:
D:1 :


Innate Abilities, Weirdness & Mutations

Your serpentine skin is tough. (AC +3)
You have supernaturally acute eyesight. (SInv)
Armour fits poorly on your strangely shaped body.
Your system is resistant to poisons. (rPois)
You cover ground very slowly.
You can exhale a cloud of poison.
You have a snake-like lower body.
You are partially covered in iridescent scales. (AC +2)
You possess an exceptional clarity of mind.
Your flesh is heat resistant. (rF+)
You are somewhat resistant to further mutation.
You passively map a small area around you.


Message History

The ogre is severely wounded.
The gnoll hits you but does no damage. The ogre barely misses you.
You hit the ogre.
The ogre is almost dead.
The gnoll hits you but does no damage. The ogre barely misses you.
The gnoll barely misses you.
You completely miss the ogre.
The ogre is almost dead.
The gnoll hits you but does no damage.
The ogre hits you with a +0 giant spiked club!!
* * * LOW HITPOINT WARNING * * *
Unknown command.
Okay, then.
Okay, then.
Okay, then.
Unknown command.
Casting: Summon Lightning Spire (dangerous; 30% risk of failure)
Confirm with . or Enter, or press ? or * to list all spells.
You miscast Summon Ice Beast.
You are very lightly contaminated with residual magic.
Nothing appears to happen.
The gnoll hits you but does no damage.
Casting: Summon Ice Beast (dangerous; 24% risk of failure)
Confirm with . or Enter, or press ? or * to list all spells.
A chill wind blows around you.
The ogre hits you with a +0 giant spiked club.
* * * LOW HITPOINT WARNING * * *
The gnoll hits you with a +0 whip.
* * * LOW HITPOINT WARNING * * *
Okay, then.
Okay, then.
Unknown command.
Casting: Summon Ice Beast (dangerous; 24% risk of failure)
Confirm with . or Enter, or press ? or * to list all spells.
You miscast Summon Lightning Spire.
A chorus of moans calls out in your mind.
A nameless horror comes into view.
The gnoll barely misses you.
The ogre hits you with a +0 giant spiked club!!
You die...
Xom snickers!

#...###.##...# ,,,
##.####.....## .# ,
#.###......# .#
#.#.....[..#._. .# #
##..........#... .# .##
#...........##.##.#)..#
#............#.#?.#...##
#..#......##.#.#gO......
#..##....##..#.#@.......,
...##.#.#....#'#$.X.....
*
#.###..........Y.##.>.##
.. ......########* ..# ..
####### ** ## ##*


You could see a nameless horror, an ogre, a gnoll (ally target) and a friendly
ice beast (summoned).

Vanquished Creatures
  Menkaure (D:4)
  A water moccasin (D:5)
  Duvessa (D:5)
  A sky beast (D:4)
  A black bear (D:6)
  An ice beast (D:4)
  2 ogres
  A phantom (D:5)
  A lemure (D:6)
  A kobold brigand (D:4)
  Blork the orc (D:4)
  A gnoll sergeant (D:6)
  2 scorpions
  Dowan (D:5)
  3 killer bees (D:4)
  A bombardier beetle (D:4)
  2 hounds
  2 orc priests
  2 jellies
  A sleepcap (D:4)
  Terence (D:3)
  2 orc wizards
  9 gnolls
  7 adders
  2 ribbon worms (D:4)
  4 dart slugs
  9 orcs
  6 bats
  3 endoplasms
  7 giant cockroaches
  5 goblins
  3 hobgoblins
  4 jackals (D:3)
  4 quokkas
  7 ball pythons
  5 frilled lizards
  6 kobolds
  A rat (D:3)
112 creatures vanquished.

Vanquished Creatures (collateral kills)
  Pikel (D:6)
  3 lemures (D:6)
  2 killer bees (D:4)
  3 gnolls
9 creatures vanquished.

Vanquished Creatures (others)
  A killer bee (D:4)
1 creature vanquished.

Grand Total: 122 creatures vanquished

Notes
Turn   | Place    | Note
-------+----------+-------------------------------------------
     0 | D:1      | spaghetti the Naga Chaos Knight began the quest for the
                  | Orb.
     0 | D:1      | Reached XP level 1. HP: 21/21 MP: 1/1
    28 | D:1      | XOM: silly message
    29 | D:1      | XOM: potion effect (berserk rage)
    75 | D:1      | XOM: potion effect (invisibility)
   117 | D:1      | Found Equwkeoxiy's Book Shoppe.
   159 | D:1      | Reached XP level 2. HP: 28/28 MP: 2/2
   194 | D:1      | Identified the +0 pair of gloves of the Akabeko {Harm Will-
                  | MP+9 Str+5} (Xom gifted it to you on level 1 of the
                  | Dungeon)
   194 | D:1      | XOM: god gift: +0 pair of gloves of the Akabeko {Harm Will-
                  | MP+9 Str+5}
   328 | D:1      | XOM: give mutation
   328 | D:1      | Gained mutation: You are agile. (Dex +4, Str/Int -1) [Xom's
                  | grace]
   458 | D:1      | XOM: smoke on damage
   486 | D:1      | XOM: 3-stop teleportation journey
   524 | D:1      | Reached XP level 3. HP: 36/36 MP: 3/3
   661 | D:1      | XOM: divination: detect creatures
  1550 | D:2      | XOM: god gift: Xom's Octavo of Success {god gift}
  1551 | D:2      | Got Xom's Octavo of Success {god gift}
  1828 | D:2      | XOM: god gift: weird runed staff {god gift}
  2083 | D:3      | XOM: summons 3 friendly demons
  2086 | D:3      | Reached XP level 4. HP: 27/45 MP: 5/5
  2088 | D:3      | Reached skill level 1 in Spellcasting
  2179 | D:3      | XOM: destruction
  2181 | D:3      | XOM: potion effect (invisibility)
  2193 | D:3      | Learned a level 4 spell: Summon Lightning Spire
  2233 | D:3      | Noticed Terence
  2236 | D:3      | Lost mutation: You are agile. (Dex +4, Str/Int -1) [potion
                  | of mutation]
  2236 | D:3      | Gained mutation: You passively map a small area around you.
                  | [potion of mutation]
  2243 | D:3      | Killed Terence
  2474 | D:3      | Reached skill level 1 in Summonings
  2475 | D:3      | Reached skill level 1 in Air Magic
  2477 | D:3      | Reached XP level 5. HP: 44/51 MP: 6/6
  2633 | D:3      | XOM: 2-stop teleportation journey
  2678 | D:3      | XOM: butterfly on damage
  2689 | D:3      | XOM: scenery: summon butterflies
  2756 | D:3      | XOM: god gift: runed scale mail {god gift}
  2796 | D:3      | XOM: cloud trail
  2818 | D:4      | XOM: potion effect (might)
  2884 | D:4      | Found a shadowy altar of Dithmenos.
  2956 | D:3      | XOM: god gift: scroll of teleportation
  3260 | D:4      | Noticed an ogre
  3263 | D:4      | XOM: divination: detect creatures
  3265 | D:4      | Killed an ogre
  3266 | D:4      | Reached XP level 6. HP: 59/60 MP: 7/7
  3309 | D:4      | XOM: scenery: create altars
  3413 | D:4      | Noticed Blork the orc
  3413 | D:4      | XOM: 5-stop teleportation journey
  3419 | D:4      | XOM: confuse monster(s)
  3427 | D:4      | Killed Blork the orc
  3532 | D:4      | XOM: summons 4 hostile demons
  3652 | D:4      | XOM: confuse monster(s)
  3822 | D:4      | Noticed an ice beast
  4010 | D:4      | Reached XP level 7. HP: 42/66 MP: 8/8
  4010 | D:4      | XOM: cast spell 'Animate Armour'
  4018 | D:4      | XOM: confuse monster(s)
  4112 | D:4      | Noticed Menkaure
  4114 | D:4      | XOM: scenery: create altars
  4115 | D:4      | XOM: cleaving
  4123 | D:4      | XOM: destruction
  4131 | D:4      | Killed Menkaure
  4273 | D:4      | Lost mutation: You passively map a small area around you.
                  | [potion of mutation]
  4273 | D:4      | Gained mutation: You can exhale a cloud of poison. [potion
                  | of mutation]
  4273 | D:4      | Gained mutation: You are somewhat resistant to further
                  | mutation. [potion of mutation]
  4314 | D:4      | Reached skill level 5 in Summonings
  4314 | D:4      | Reached skill level 5 in Air Magic
  4314 | D:4      | Reached XP level 8. HP: 72/73 MP: 11/11
  4393 | D:4      | XOM: divination: detect creatures
  4396 | D:4      | XOM: 2-stop teleportation journey
  4579 | D:4      | XOM: summons 8 friendly demons
  4595 | D:4      | XOM: scenery: create altars
  4635 | D:4      | XOM: give mutations
  4635 | D:4      | Gained mutation: You are robust. (+10% HP) [Xom's mischief]
  4635 | D:4      | Lost mutation: You are robust. (+10% HP) [Xom's mischief]
  5183 | D:4      | XOM: give mutations
  5183 | D:4      | Gained mutation: You possess an exceptional clarity of
                  | mind. [Xom's grace]
  5183 | D:4      | Gained mutation: You are partially covered in iridescent
                  | scales. (AC +2) [Xom's grace]
  5183 | D:4      | Gained mutation: Your flesh is heat resistant. (rF+) [Xom's
                  | grace]
  5336 | D:5      | Entered Level 5 of the Dungeon
  5350 | D:5      | XOM: scenery: 1 doors open, 1 doors close
  5370 | D:5      | XOM: smoke on damage
  5491 | D:5      | Noticed Duvessa
  5491 | D:5      | XOM: summons 2 friendly demons
  5491 | D:5      | Noticed Dowan
  5498 | D:5      | Killed Dowan
  5499 | D:5      | Killed Duvessa
  5678 | D:5      | XOM: divination: detect creatures
  5725 | D:5      | XOM: butterfly on damage
  5868 | D:4      | XOM: give mutation
  5868 | D:4      | Gained mutation: You passively map a small area around you.
                  | [Xom's grace]
  5925 | D:5      | XOM: polymorph iguana -> bat
  5938 | D:5      | XOM: fake destruction
  5945 | D:5      | XOM: fake destruction
  5947 | D:5      | Reached XP level 9. HP: 74/80 MP: 12/12
  5994 | D:5      | XOM: scenery: 1 doors open, 1 doors close
  6211 | D:5      | XOM: cloud trail
  6357 | D:5      | Learned a level 3 spell: Summon Ice Beast
  6446 | D:6      | XOM: potion effect (attraction)
  6449 | D:6      | XOM: summons friendly crimson imp
  6452 | D:6      | Reached skill level 1 in Ice Magic
  6679 | D:6      | Noticed Pikel
  6692 | D:6      | Killed Pikel
  6815 | D:6      | Found an ornate altar of the Wu Jian Council.
  6822 | D:6      | XOM: god gift: 42 gold pieces
  6835 | D:6      | Noticed a nameless horror
  6835 | D:6      | Mangled by an ogre

Illustrated notes

Levels and vault maps discovered:
D:1:      mrwooster_arrival_statue_3, layout_basic, serial_shops, shop,
          corexii_hall_statues_t
D:2:      layout_loops_ring, minivault_26, corexii_hall_statues_x,
          minmay_hedge_maze
D:3:      layout_basic, minmay_misc_feat_plants, uniq_terence
D:4:      layout_layer_cave, mainiacjoe_overflow_concentric_impassable,
          gup_sewer_entry_bubbles, dk_noncrumbling_3, corexii_hall_statues_i,
          minmay_manual_maat, uniq_blork_the_orc, uniq_menkaure
D:5:      layout_gridville, nicolae_ossuary_entry_false_entrances, uniq_duvessa
D:6:      layout_loops_ring, mainiacjoe_overflow_surrounded_room, uniq_pikel

Skill      XL: |  1  2  3  4  5  6  7  8  9 |
---------------+----------------------------+-----
Fighting       | 4 |  4.8
Spellcasting   | 1 2 |  2.3
Summonings     | 1 2 3 5 6 7 |  7.7
Air Magic      | 1 2 3 5 6 7 |  7.7
Ice Magic      | 2 |  2.9
Armour         | |  1.5
Dodging        | |  0.7
Unarmed Combat | |  3.0

Action                     |  1- 3 |  4- 6 |  7- 9 || total
---------------------------+-------+-------+-------++-------
  Melee: Unarmed           |   179 |       |       ||   179
         Punch             |     6 |     5 |     4 ||    15
         Staff             |    10 |   109 |       ||   119
         Spear             |       |     6 |   138 ||   144
   Cast: Summon Ice Beast  |       |       |     1 ||     1
Ability: Spit Poison       |     1 |    12 |       ||    13
         Breathe Poison Ga |       |       |    15 ||    15
    Use: Scroll            |     2 |     7 |     5 ||    14
         Potion            |       |     5 |     6 ||    11
   Stab: Confused          |       |     1 |       ||     1
         Distracted        |       |       |     1 ||     1
 Armour: Leather armour    |    73 |    54 |       ||   127
         Scale mail        |       |    88 |   145 ||   233
  Dodge: Dodged            |    46 |    89 |    47 ||   182
